 Dungeon Crawl Stone Soup version 0.31-a0-881-ge136f0c47a (webtiles) character file.

Game seed: 13960404933930190620

1979 avis the Mimic (level 9, -8/37 HPs)
             Began as a Felid Fighter on Oct 14, 2023.
             Was an Initiate of Gozag.
             Killed from afar by a steam dragon (22 damage)
             ... with a ball of steam
             ... on level 7 of the Dungeon on Oct 15, 2023.
             The game lasted 00:40:30 (6789 turns).

avis the Mimic (Felid Fighter)                      Turns: 6789, Time: 00:40:30

Health: -8/37      AC:  2    Str: 18    XL:     9   Next: 1%
Magic:  10/10      EV: 24    Int: 16    God:    Gozag
Gold:   375        SH:  4    Dex: 19    Spells: 8/8 levels left
                                        Lives:  0   Deaths: 3

rFire   . .          .
                       - Unarmed
rCold   . . .        (shield unavailable)
rNeg    . . .        (body armour unavailable)
rPois   .            (helmet unavailable)
rElec   .            (cloak unavailable)
rCorr   .            (gloves unavailable)
SInv    +            (boots unavailable)
Will    +....        (no amulet)
Stlth   +++          g - +6 ring of strength
HPRegen 0.26/turn    m - +6 ring of intelligence
MPRegen 0.12/turn

%: no passive effects
@: beast-form, quick
A: beast (slay +4), very small, claws 1, fangs 3, see invisible, speed 1, shaggy
fur 2, stealthy paws, no weapons or thrown items, no armour, multi-lived, large
bone plates 1
a: Begin Untransformation, Renounce Religion, Potion Petition, Call Merchant,
Bribe Branch


You were on level 7 of the Dungeon.
You worshipped Gozag.
Gozag was aware of your devotion.
You were a hulking beast.
You visited 2 branches of the dungeon, and saw 8 of its levels.
You also visited: Sewer.

You collected 1018 gold pieces.
You spent 616 gold pieces at shops.
You paid 27 gold pieces to Gozag.

Inventory:

Jewellery
 g - a +6 ring of strength (left paw)
 j - a ring of protection from fire
 m - a +6 ring of intelligence (right paw)
Talismans
 b - a beast talisman (active)
 s - a serpent talisman
Scrolls
 d - 2 scrolls of fear
 e - a scroll of poison
 h - 6 scrolls of amnesia
 n - a scroll of blinking
 q - a scroll of silence {unknown}
Potions
 c - a potion of brilliance
 f - a potion of ambrosia
 i - a potion of magic
 k - a potion of heal wounds
 l - a potion of enlightenment
 p - a potion of berserk rage
 r - a potion of curing {unknown}
Miscellaneous
 t - a phantom mirror (inert)


   Skills:
 - Level 3.0 Fighting
 - Level 9.0 Dodging
 - Level 5.0 Stealth
 - Level 4.0 Unarmed Combat
 * Level 9.3 Shapeshifting


You had 8 spell levels left.
You didn't know any spells.
Your spell library contained the following spells:

 Spells                   Type           Power      Damage    Failure   Level
 Scorch                   Fire           0%         2d5       36%         2
 Flame Wave               Conj/Fire      0%         2d4       94%         4
 Summon Cactus Giant      Summ           0%         N/A       100%        6


Dungeon Overview and Level Annotations

Branches:
Dungeon (7/15)             Temple (1/1) D:5           Sewer (visited)

Altars:
Dithmenos
Elyvilon
Fedhas
Gozag
Hepliaklqana
Kikubaaqudgha
Makhleb
Nemelex Xobeh
Okawaru
Qazlal
Ru
Sif Muna
Trog
Uskayaw
Vehumet
Xom
Yredelemnul
Zin
The Shining One

Shops:
D:5 *

Annotations:
D:2 Can't reach some places.
D:4 Edmund
D:7 Maggie


Innate Abilities, Weirdness & Mutations

You are a hulking beast.
Your limbs bulge with bestial killing power. (Slay +4)
You have sharp claws.
You have razor-sharp teeth.
You have supernaturally acute eyesight. (SInv)
You cover ground quickly. (Speed+)
You are covered in thick fur. (AC +2)
Your paws help you pounce on unaware monsters.
You are incapable of wielding weapons or throwing items.
You cannot wear armour.
You gain extra lives every three experience levels.
You are partially covered in large bone plates. (SH +4)


Message History

Things that are here:
a +0 trident; a +0 leather armour You see here a +0 short sword.
The kobold brigand throws a curare-tipped dart.
The curare-tipped dart barely misses you.
The kobold brigand throws a curare-tipped dart.
The curare-tipped dart barely misses you.
Maggie the Vainglorious comes into view.
She is wielding a +0 scimitar.
Aiming: Phantom Mirror
Press: ? - help, Dir - move target, f - steam dragon
Aim: a steam dragon (wandering, hasn't noticed you)
You reflect the steam dragon with the mirror!
The mirror clouds!
Your steam dragon completely misses the steam dragon. x2
The steam dragon breathes steam at your steam dragon.
The ball of steam hits your steam dragon.
Your steam dragon resists.
Your steam dragon breathes steam at the steam dragon.
The ball of steam hits the steam dragon!
The steam dragon resists.
The steam dragon bites your steam dragon.
The steam dragon claws your steam dragon but does no damage.
You hear a shout!
The steam dragon bites your steam dragon but does no damage.
The steam dragon claws your steam dragon.
Your steam dragon barely misses the steam dragon. x2
Your steam dragon barely misses the steam dragon.
Your steam dragon claws the steam dragon.
The steam dragon bites your steam dragon.
The steam dragon barely misses your steam dragon.
The kobold brigand throws a curare-tipped dart.
You block the curare-tipped dart.
Your steam dragon closely misses the steam dragon.
Your steam dragon claws the steam dragon but does no damage.
The steam dragon breathes steam at you.
The ball of steam misses your steam dragon.
The ball of steam hits you!!
Ouch! That really hurt!
You die...
Your body crumbles into a pile of gold.

#.......# ## #.>.§§..#
.## #.......# ..
#....§..# ##.#
#.......###..
#......§..#.#
######.......D.#.#######
#............)D§........
....##########.#h.......
....# #.#.####### ....#
#.#K# ....# #...#
###.##### ###.###
#.....# #....# #####..##
###.##.# #. #...##...#
..##. ##.##.### ....


You could see a steam dragon (catching breath, ally target), a kobold brigand
and a friendly steam dragon (summoned, drained).

Vanquished Creatures
  Grinder (D:6)
  Eustachio (D:6)
  2 sky beasts
  An ice beast (D:6)
  3 ogres
  2 scorpions (D:5)
  3 bullfrogs
  2 howler monkeys (D:6)
  4 hounds
  4 orc priests
  2 jellies (D:6)
  2 iguanas
  A sleepcap (D:6)
  3 orc wizards
  3 gnolls
  2 adders (D:4)
  A shadow imp (D:5)
  2 ufetubi (D:4)
  2 worms
  2 dart slugs
  15 orcs
  7 endoplasms
  3 giant cockroaches
  6 goblins
  15 hobgoblins
  4 jackals
  4 quokkas
  5 ball pythons
  7 bats
  3 frilled lizards
  10 kobolds
  3 rats
125 creatures vanquished.

Vanquished Creatures (collateral kills)
  Menkaure (D:6)
1 creature vanquished.

Grand Total: 126 creatures vanquished

Notes
Turn   | Place    | Note
-------+----------+-------------------------------------------
     0 | D:1      | avis the Felid Fighter began the quest for the Orb.
     0 | D:1      | Reached XP level 1. HP: 10/10 MP: 2/2
    60 | D:1      | Reached skill level 1 in Stealth
   143 | D:1      | Reached XP level 2. HP: 14/14 MP: 3/3
   634 | D:1      | Reached skill level 5 in Dodging
   748 | D:2      | Reached XP level 3. HP: 17/17 MP: 4/4
   903 | D:2      | Found an opulent altar of Gozag.
   919 | D:2      | Became a worshipper of Gozag Ym Sagoz the Greedy
  1009 | D:2      | Found the +5 moon troll leather armour {Spirit, Regen++
                  | MP+5}
  1547 | D:3      | Reached skill level 1 in Shapeshifting
  1547 | D:3      | Reached XP level 4. HP: 13/21 MP: 5/5
  1649 | D:3      | Found a faded altar of an unknown god.
  2100 | D:4      | Noticed an ogre
  2145 | D:4      | Found a glowing drain.
  2185 | Sewer    | Entered a sewer
  2237 | Sewer    | Noticed Pargi
  2257 | Sewer    | Slain by Pargi
  2468 | D:4      | Noticed Edmund
  2652 | D:4      | Reached XP level 5. HP: 24/24 MP: 6/6
  2780 | D:4      | Killed an ogre
  3022 | D:5      | Entered Level 5 of the Dungeon
  3060 | D:4      | Upgraded the game from 0.31-a0-879-g1609e0ac53 to
                  | 0.31-a0-881-ge136f0c47a
  3148 | D:5      | Found a hazy altar of Hepliaklqana.
  3169 | D:4      | Gained mutation: You are covered in thick fur. (AC +2)
                  | [potion of mutation]
  3169 | D:4      | Gained mutation: You are partially covered in large bone
                  | plates. (SH +4) [potion of mutation]
  3371 | D:5      | Killed from afar by a shadow imp
  3425 | D:4      | Mutation became permanent: You are covered in fur. (AC +1)
                  | [Felid growth]
  3425 | D:4      | Gained mutation: You are covered in thick fur. (AC +2)
                  | [Felid growth]
  3425 | D:4      | Reached XP level 6. HP: 14/28 MP: 7/7
  3523 | D:5      | Found a staircase to the Ecumenical Temple.
  3534 | Temple   | Entered the Ecumenical Temple
  3714 | D:5      | HP: 1/28 [ufetubus (5)]
  4091 | D:5      | Found a basalt altar of Yredelemnul.
  4195 | D:5      | Reached XP level 7. HP: 31/31 MP: 8/8
  4372 | D:5      | Found a bloodstained altar of Trog.
  4408 | D:5      | Found Titeamau's General Store.
  4574 | D:5      | Bought a scroll of identify for 28 gold pieces
  4574 | D:5      | Bought a scroll of identify for 28 gold pieces
  4778 | D:6      | Reached skill level 5 in Shapeshifting
  5522 | D:6      | Identified the +0 pair of gloves of Weirdness {+Blink
                  | Regen+}
  5677 | D:6      | Noticed Grinder
  5680 | D:6      | Noticed Menkaure
  5809 | D:5      | Reached XP level 8. HP: 21/34 MP: 9/9
  5945 | D:5      | Bought a phantom mirror for 560 gold pieces
  6109 | D:6      | Killed Menkaure
  6171 | D:6      | Noticed Eustachio
  6203 | D:6      | Killed Grinder
  6214 | D:6      | Killed Eustachio
  6663 | D:7      | Slain by an orc priest
  6727 | D:7      | Reached skill level 5 in Stealth
  6770 | D:7      | Reached XP level 9. HP: 10/37 MP: 10/10
  6776 | D:7      | Noticed Maggie
  6789 | D:7      | Killed from afar by a steam dragon

Illustrated notes

Levels and vault maps discovered:
D:1:      roderic_crossed_star, layout_basic, minmay_heptomino_d4
D:2:      layout_rooms, basic_altar, chequers_serial_rivers_large_a
D:3:      layout_basic, ebering_ecumenical_altar_abandoned
D:4:      layout_rooms, cheibrodos_sewer_entry_drain, chequers_avenue,
          uniq_edmund
D:5:      layout_gridville, kennysheep_mini_moat, trog_hazing_becter,
          mainiacjoe_overflow_chevrons, minmay_temple_entry_statues_fountains,
          serial_shops, shop
D:6:      layout_basic, uniq_menkaure, uniq_grinder, uniq_eustachio
D:7:      layout_rooms, hex_medium, minmay_misc_feat_more_columns, uniq_maggie,
          uniq_prince_ribbit1, uniq_jeremiah
Temple:   regret_index_temple_sphere_string

Skill      XL: |  1  2  3  4  5  6  7  8 |
---------------+-------------------------+-----
Stealth        | 2 3 4 5 |  5.0
Dodging        | 5 6 7 8 9 |  9.0
Shapeshifting  | 1 2 3 4 7 9 |  9.3
Fighting       | |  3.0
Unarmed Combat | |  4.0

Action                     |  1- 3 |  4- 6 |  7- 9 || total
---------------------------+-------+-------+-------++-------
  Melee: Unarmed           |    85 |   215 |   190 ||   490
         Bite              |     6 |    18 |    21 ||    45
         Punch             |     3 |     3 |     5 ||    11
  Evoke: Phantom mirror    |       |       |     2 ||     2
    Use: Scroll            |       |     8 |     4 ||    12
         Potion            |       |     5 |       ||     5
   Stab: Sleeping          |    11 |     4 |     7 ||    22
         Distracted        |       |     1 |     2 ||     3
 Armour: Skin              |    16 |    60 |    46 ||   122
  Dodge: Dodged            |    53 |   239 |   172 ||   464
  Block: Other             |       |    25 |    40 ||    65
         Form:             |       |     1 |       ||     1
         Anaconda          |       |     1 |       ||     1
         Beast             |       |       |     1 ||     1

Table legend: (Time is in decaauts)
 A = Elapsed time spent in this place.
 B = Non-inter-level travel time spent in this place.
 C = Inter-level travel time spent in this place.
 D = Time resting spent in this place.
 E = Time spent auto-exploring this place.
 F = Levels seen in this place.
 G = Mean time per level.
                   A        B        C        D        E       F      G
               +--------+--------+--------+--------+--------+-----+--------+
         Total |   5857 |   5145 |    712 |   1058 |   2189 |   9 |  650.8 |
       Dungeon |   5660 |   4949 |    711 |    983 |   2189 |   7 |  808.6 |
        Temple |     13 |     12 |      1 |      0 |      0 |   1 |   13.0 |
         Sewer |    182 |    182 |      0 |     75 |      0 |   1 |  182.0 |
               +--------+--------+--------+--------+--------+-----+--------+

Top non-repeatable levels by time:
     D:6: 1367 daAuts
     D:5: 1249 daAuts
     D:4: 1001 daAuts
     D:3: 720 daAuts
     D:1: 691 daAuts
     D:2: 512 daAuts
   Sewer: 182 daAuts
     D:7: 117 daAuts
  Temple: 13 daAuts
